 Dungeon Crawl Stone Soup version 0.17-a0-1914-gde4187c (webtiles) character file.

131 tp1 the Skirmisher (level 5, -6/33 HPs)
             Began as a Gargoyle Berserker on Sept 26, 2015.
             Was a Believer of Trog.
             Mangled by a gnoll
             ... wielding a +0 halberd
              (10 damage)
             ... on level 3 of the Dungeon.
             The game lasted 00:09:01 (1862 turns).

tp1 the Skirmisher (Gargoyle Berserker)             Turns: 1862, Time: 00:09:01

Health: -6/33      AC: 10    Str: 20    XL:     5   Next: 14%
Magic:  5/5        EV: 10    Int:  8    God:    Trog [**....]
Gold:   87         SH:  0    Dex: 10    Spells: 0 memorised, 4 levels left

rFire  . . .     SeeInvis .     a - +0 hand axe
rCold  . . .     Clarity  .     n - +0 scale mail
rNeg   + . .     SustAt   .     (no shield)
rPois  ∞         Gourm    .     (no helmet)
rElec  +         Spirit   .     (no cloak)
rCorr  .         Warding  .     (no gloves)
rMut   .         Stasis   .     (no boots)
MR     +++..                    (no amulet)
Stlth  ..........               (no ring)
                                o - ring of protection from magic

@: exhausted, regenerating, slowed, very slow, extremely resistant to hostile
enchantments, extremely unstealthy
A: negative energy resistance 1, electricity resistance, unbreathing,
petrification resistance, rot immunity, AC +4
a: Burn Spellbooks, Berserk, Trog's Hand, Renounce Religion


You were on level 3 of the Dungeon.
You worshipped Trog.
Trog was pleased with you.
You were hungry.

You visited 1 branch of the dungeon, and saw 3 of its levels.

You collected 87 gold pieces.

Inventory:

Hand weapons
 a - a +0 hand axe (weapon)
Armour
 b - a +0 animal skin
 n - a +0 scale mail (worn)
Jewellery
 o - a ring of protection from magic (left hand)
 s - an uncursed amulet of faith {unknown}
Scrolls
 d - 2 scrolls of enchant weapon {unknown}
 g - a scroll of amnesia {unknown}
 h - a scroll of remove curse {unknown}
 i - a scroll of random uselessness {unknown}
 j - 2 scrolls of teleportation {unknown}
 m - 2 scrolls of identify {unknown}
 q - 2 scrolls of recharging {unknown}
 r - 4 scrolls of immolation {unknown}
Potions
 e - a potion of cancellation {unknown}
 k - a potion of curing {unknown}
Comestibles
 c - a bread ration
 f - a meat ration
 l - a beef jerky
 p - 4 fruits
 t - 5 chunks of flesh


   Skills:
 + Level 4.0 Fighting
 + Level 4.0 Axes
 + Level 3.0 Armour
 + Level 2.2 Dodging
 + Level 0.2 Stealth


You had 4 spell levels left.
You didn't know any spells.

Dungeon Overview and Level Annotations

Branches:
Dungeon (3/15)

Altars:
Xom


Innate Abilities, Weirdness & Mutations

You are resistant to torment.
Your stone body is resilient (AC +4).
You are immune to poison.
You resist negative energy.
You are resistant to electric shocks.
You can survive without breathing.
You are immune to petrification.
You are immune to rotting.


Message History

You are feeling hungry.
The gnoll barely misses you.
The gnoll hits you from afar with a spear.
The kobold barely misses you. The gnoll barely misses you.
The gnoll barely misses you. The gnoll hits you with a flail!
* * * LOW HITPOINT WARNING * * *
The kobold hits you but does no damage. The gnoll closely misses you.
A kobold comes into view. It is wielding a dagger.
Use which ability?
You're too exhausted to go berserk.
The kobold shouts!
You slash the gnoll!
The gnoll is severely wounded.
You hit the kobold.
You kill the kobold!
Trog accepts your kill.
You hit the gnoll.
The gnoll is moderately wounded.
You hit the gnoll but do no damage. The gnoll hits you with a halberd!
You die...

...... #....##
....... . ##
#....# .. .
K....##
##.##.###g....#
......#g(gg.#
#.....<#@g.#
#.##.......#
###.##......#
#.# #.#.### #?#
..... #.#
##.### #.# .#
#.# # #.#


You could see 4 gnolls, a goblin and a kobold.

Vanquished Creatures
  Ijyb (D:2)
  3 adders (D:2)
  3 gnolls (D:2)
  A worm (D:2)
  A giant gecko (D:2)
  A giant cockroach (D:2)
  13 hobgoblins
  5 kobolds
  4 bats
  A giant newt (D:1)
  8 goblins
  7 rats
48 creatures vanquished.

Notes
Turn   | Place    | Note
--------------------------------------------------------------
     0 | D:1      | tp1 the Gargoyle Berserker began the quest for the Orb.
     0 | D:1      | Reached XP level 1. HP: 14/14 MP: 1/1
   267 | D:1      | Reached XP level 2. HP: 14/19 MP: 2/2
   972 | D:2      | Reached XP level 3. HP: 23/23 MP: 3/3
  1110 | D:2      | Acquired Trog's second power
  1196 | D:2      | Reached XP level 4. HP: 25/28 MP: 4/4
  1240 | D:2      | Noticed Ijyb
  1251 | D:2      | Killed Ijyb
  1320 | D:2      | Reached skill level 4 in Fighting
  1617 | D:2      | Reached XP level 5. HP: 26/33 MP: 5/5
  1680 | D:2      | Found a shimmering altar of Xom.
  1862 | D:3      | Mangled by a gnoll

Vault maps used:
D:1:      roderic_crossed_star
D:2:      nicolae_overflow_crystal_walls, amalloy_card_club, uniq_iyjb
D:3:      lightli_sewer_entry_pipes, uniq_jessica, uniq_grinder, uniq_sigmund

Action                   |  1- 3 |  4- 6 || total
-------------------------+-------+-------++-------
Melee: Hand axe          |    69 |    61 ||   130
Invok: Berserk           |     2 |     3 ||     5
       Trog's Hand       |       |     3 ||     3
  Eat: Chunk             |     3 |     5 ||     8
